Map: Dash and Terminal LE (Void)

Players

MoonLjth - Winner!

  • Race: Protoss Protoss
  • League: Platinum

iQuitBYE - Winner!

  • Race: Protoss Protoss
  • League: Grandmaster

RayES

  • Race: Terran Terran
  • League: Grandmaster

McChicken

  • Race: Terran Terran
  • League: Grandmaster

VOD

Have the link to the VOD?

Description

Time

  • Played on: Oct. 2, 2015, 8:57 p.m.
  • Length: 7:02
Show
View Real Time Build Order
Export as new Build Order

MoonLjth Protoss - Winner!

Build Orders: 1 Gate Expand, Blink Stalkers 

Get SALT Encoding   

  12  0:01  Probe (Chrono Boost)  
  13  0:14  Pylon  
  13  0:18  Probe (Chrono Boost)  
  14  0:29  Probe (Chrono Boost)  
  15  0:35  Gateway  
  15  0:40  Probe (Chrono Boost)  
  16  0:46  Assimilator  
  16  0:51  Probe (Chrono Boost)  
  17  1:02  Probe (Chrono Boost)  
  18  1:12  Probe (Chrono Boost)  
  19  1:27  Nexus  
  19  1:39  Cybernetics Core  
  19  1:49  Probe (Chrono Boost), Assimilator  
  20  1:59  Pylon  
  20  2:03  Probe (Chrono Boost)  
  21  2:14  Probe (Chrono Boost)  
  22  2:21  Warp Gate  
  22  2:25  Mothership Core (Chrono Boost)  
  22  2:27  Stalker (Chrono Boost)  
  26  2:38  Pylon  
  26  2:39  Probe (Chrono Boost)  
  27  2:49  Probe (Chrono Boost)  
  27  2:57  Stalker (Chrono Boost)  
  28  3:06  Probe  
  28  3:07  Twilight Council  
  29  3:15  Probe  
  30  3:21  Probe  
  30  3:25  Stalker (Chrono Boost)  
  31  3:29  Probe  
  31  3:33  Probe  
  33  3:40  Probe  
  33  3:45  Blink (Chrono Boost)  
  33  3:51  Probe  
  34  3:59  Probe  
  35  4:03  Gateway  
  35  4:07  Probe  
  36  4:11  Probe  
  35  4:19  Probe  
  34  4:26  Probe  
  34  4:30  Robotics Facility  
  35  4:35  Probe  
  35  4:37  Probe  
  36  4:40  Gateway  
  37  4:55  Probe  
  37  4:57  Probe  
  37  4:59  Stalker  
  41  5:07  Probe  
  41  5:11  Stalker  
  41  5:12  Gateway  
  44  5:22  Probe, Warp Prism (Chrono Boost)  
  44  5:26  Mothership Core  
  45  5:32  Pylon  
  45  5:33  Stalker  
  49  5:38  Stalker  
  49  5:41  Pylon  
  49  5:51  Probe x2  
  49  5:54  Observer (Chrono Boost), Assimilator  
  52  6:04  Stalker x3  
  56  6:05  Probe  
  56  6:06  Probe  
  58  6:18  Probe  
  58  6:24  Probe  
  57  6:31  Probe  
  59  6:34  Stalker x3  
  59  6:35  Probe  
  66  6:58  Adept x2  
  66  6:59  Nexus  
Show
View Real Time Build Order
Export as new Build Order

iQuitBYE Protoss - Winner!

Build Orders:  

Get SALT Encoding   

  12  0:01  SCV  
  13  0:13  SCV  
  14  0:19  Supply Depot  
  14  0:25  SCV  
  15  0:36  Refinery  
  15  0:41  SCV  
  16  0:45  Barracks  
  16  0:53  SCV  
  17  1:10  SCV  
  18  1:16  Supply Depot  
  18  1:26  SCV  
  18  1:31  Refinery  
  19  1:37  Reaper  
  19  1:38  SCV  
  21  1:52  Orbital Command  
  20  2:08  Factory  
  20  2:18  SCV  
  21  2:26  Reaper  
  22  2:30  SCV  
  23  2:40  Command Center  
  23  2:42  SCV  
  24  2:52  Supply Depot  
  24  2:54  SCV  
  24  2:56  Factory Reactor  
  25  3:00  Barracks Tech Lab  
  25  3:06  SCV  
  26  3:18  SCV  
  27  3:41  Cyclone  
  27  3:46  Marine x2  
  32  3:53  Orbital Command  
  32  4:04  Marine  
  33  4:13  Cyclone  
  34  4:34  Factory  
  34  4:35  Factory  
  34  4:37  Orbital Command  
  33  5:00  Cyclone  
  33  5:04  Marine x2  
  38  5:11  Supply Depot  
  38  5:22  Marine x2  
  38  5:23  Factory Tech Lab  
  38  5:25  Factory Reactor  
  38  5:26  Command Center  
  40  5:32  Cyclone  
  43  5:39  SCV x2, Marine  
  43  5:40  Marine  
  47  5:47  Cyclone  
  50  5:51  SCV x2  
  52  5:57  Marine x2  
  52  6:02  Refinery  
  52  6:03  SCV  
  38  6:39  SCV x2  
  40  6:43  Marine  
Show
View Real Time Build Order
Export as new Build Order

RayES Terran 

Build Orders:  

Get SALT Encoding   

Show
View Real Time Build Order
Export as new Build Order

McChicken Terran 

Build Orders:  

Get SALT Encoding   

Tags
 
Add a new tag
Caveats
  • Supply blocks, unpowered buildings, or Contaminate may cause inaccurate times.
  • Supply counts are checked every 10 seconds.